 Dungeon Crawl Stone Soup version 0.29-a0-392-g297d3b089c (webtiles) character file.

Game seed: 9002086668117202118

28 benadryl the Ruffian (level 3, -2/36 HPs)
             Began as a Troll Delver on May 8, 2022.
             Slain by a gnoll
             ... wielding a +0 flail
              (13 damage)
             ... on level 2 of the Dungeon.
             The game lasted 00:01:11 (562 turns).

benadryl the Ruffian (Troll Delver)                  Turns: 562, Time: 00:01:11

Health: -2/36      AC:  4    Str: 22    XL:     3   Next: 0%
Magic:  2/2        EV:  9    Int: 12    God:
Gold:   20         SH:  0    Dex: 11    Spells: 2/2 levels left

rFire   . . .      SeeInvis .     - Unarmed
rCold   . . .      Faith    .   (no shield)
rNeg    . . .      Spirit   .   a - +0 robe
rPois   .          Reflect  .   (helmet restricted)
rElec   .          Harm     .   (no cloak)
rCorr   .          Rampage  .   (gloves unavailable)
Will    .....                   (boots unavailable)
Stlth   ++........              (no amulet)
HPRegen 0.92/turn               g - +6 ring of intelligence
MPRegen 0.08/turn               (no ring)

@: no status effects
A: large, unfitting armour, claws 3, regeneration 1, shaggy fur 1, tough skin 1
a: no special abilities


You were on level 2 of the Dungeon.
You visited 1 branch of the dungeon, and saw 5 of its levels.

You collected 20 gold pieces.

Inventory:

Armour
 a - a +0 robe (worn)
Jewellery
 g - a +6 ring of intelligence (left claw)
Wands
 f - a wand of digging (3)
Scrolls
 b - 2 scrolls of fog
 c - a scroll of magic mapping
 d - 2 scrolls of fear
 h - a scroll of brand weapon {unknown}
 j - 2 scrolls of identify {unknown}
Potions
 e - a potion of haste
 i - a potion of curing {unknown}


   Skills:
 + Level 2.8 Fighting
 - Level 1.5 Dodging
 - Level 2.7 Stealth
 * Level 3.1 Unarmed Combat


You had 2 spell levels left.
You didn't know any spells.
Your spell library was empty.

Dungeon Overview and Level Annotations

Branches:
Dungeon (6/15)
 Temple: D:4-7

Altars:
Ashenzari


Innate Abilities, Weirdness & Mutations

You are too large for most types of armour.
You have claws for hands.
Your natural rate of healing is unusually fast.
You are covered in fur. (AC +1)
You have tough skin. (AC +1)


Message History

The gnoll shouts! x2
You claw the gnoll!
The gnoll is almost dead.
A gnoll comes into view. It is wielding a +0 flail.
The gnoll hits you with a +0 flail.
You scratch the gnoll.
You kill the gnoll!
Your Unarmed Combat skill increases to level 3!
You have reached level 3!
Your experience leads to an increase in your attributes!
Your base attributes are Str 19, Int 6, Dex 11.
Increase (S)trength, (I)ntelligence, or (D)exterity?
You feel stronger. x3
You barely miss the gnoll. The gnoll hits you but does no damage.
You claw the gnoll!
The gnoll is heavily wounded.
You barely miss the gnoll.
The gnoll is heavily wounded.
The gnoll hits you with a +0 spear. The gnoll closely misses you.
You closely miss the gnoll.
The gnoll is heavily wounded.
The gnoll hits you with a +0 spear. The gnoll hits you with a +0 flail!
You are too injured to fight recklessly!
You are too injured to fight recklessly!
You are too injured to fight recklessly!
You are too injured to fight recklessly!
You are too injured to fight recklessly!
You are too injured to fight recklessly!
The gnoll hits you from afar with a +0 spear.
You scratch the gnoll but do no damage.
The gnoll hits you from afar with a +0 spear.
You claw the gnoll!
The gnoll is heavily wounded.
The gnoll closely misses you. The gnoll barely misses you.
The gnoll hits you with a +0 flail.
You closely miss the gnoll.
The gnoll is heavily wounded.
The gnoll hits you from afar with a +0 spear!
The gnoll hits you with a +0 flail!
You die...

####...#
#.......#
##...###.###.#.#
#............#.#
##...###.#####.#
#.......# #.#
##.###### #.#
#.# #.# ###
#g### #@.g#
###g# ... ...#
..... .....#
.....# ...#.#


You could see 3 gnolls.

Vanquished Creatures
  A gnoll (D:2)
  4 orcs (D:3)
  2 ball pythons (D:2)
  An endoplasm (D:3)
  2 goblins (D:3)
  A hobgoblin (D:2)
  A quokka (D:2)
  A kobold (D:2)
  2 rats (D:3)
15 creatures vanquished.

Vanquished Creatures (others)
  3 fungi (D:5)
3 creatures vanquished.

Grand Total: 18 creatures vanquished

Notes
Turn   | Place    | Note
-------+----------+-------------------------------------------
     0 | D:5      | benadryl the Troll Delver began the quest for the Orb.
     0 | D:5      | Reached XP level 1. HP: 22/22 MP: 0/0
    19 | D:5      | Found a broken altar of Ashenzari.
   114 | D:4      | Noticed an iguana
   132 | D:3      | Reached XP level 2. HP: 26/29 MP: 1/1
   555 | D:2      | Reached skill level 3 in Unarmed Combat
   555 | D:2      | Reached XP level 3. HP: 35/36 MP: 2/2
   562 | D:2      | Slain by a gnoll

Illustrated notes

Levels and vault maps discovered:
D:2:      layout_loops_corners, uniq_crazy_yiuf_cottage
D:3:      layout_loops_cross, minmay_between
D:4:      layout_basic, mainiacjoe_overflow_swirl, lemuel_round_altar,
          minmay_temple_entry_hall, serial_park_tiny_2, kennysheep_orc_chapel,
          uniq_duvessa
D:5:      layout_basic, nicolae_ashenzari_skybound, led_xom_imps,
          serial_aquarium, aquarium_bridge_straight [aquarium_subvault_bridge,
          aquarium_subvault_wall, aquarium_subvault_bridge,
          aquarium_subvault_balcony], aquarium_window_3, aquarium_window_fake,
          aquarium_window_1, aquarium_view_2e, chequers_serial_rivers_marsh,
          nicolae_wormholes, uniq_grinder, uniq_sigmund
D:6:      layout_basic, nicolae_wu_jian_wuxing_cycle,
          grunt_dithmenos_smoke_and_mirrors, kennysheep_generic_room_14

Skill      XL: |  1  2 |
---------------+-------+-----
Unarmed Combat | 3 |  3.1
Fighting       | |  2.8
Dodging        | |  1.5
Stealth        | |  2.7

Action                   || total
-------------------------++-------
Melee: Unarmed           ||    32
       Punch             ||     1
 Stab: Sleeping          ||     2
Armor: Robe              ||     4
Dodge: Dodged            ||     3

Table legend: (Time is in decaauts)
 A = Elapsed time spent in this place.
 B = Non-inter-level travel time spent in this place.
 C = Inter-level travel time spent in this place.
 D = Time resting spent in this place.
 E = Time spent auto-exploring this place.
 F = Levels seen in this place.
 G = Mean time per level.
                   A        B        C        D        E       F      G
               +--------+--------+--------+--------+--------+-----+--------+
         Total |    560 |    529 |     31 |      0 |    349 |   5 |  112.0 |
       Dungeon |    560 |    529 |     31 |      0 |    349 |   5 |  112.0 |
               +--------+--------+--------+--------+--------+-----+--------+

Top non-repeatable levels by time:
     D:2: 395 daAuts
     D:5: 82 daAuts
     D:3: 45 daAuts
     D:4: 34 daAuts
     D:6: 1 daAuts
